 Dungeon Crawl Stone Soup version 0.31-a0-801-gc67433417a (webtiles) character file.

Game seed: 13606885598199931284

2 GordonOverkill the Sneak (level 1, -1/13 HPs)
             Began as a Deep Elf Delver on Sept 20, 2023.
             Slain by a water moccasin (5 damage)
             ... on level 5 of the Dungeon.
             The game lasted 00:00:44 (96 turns).

GordonOverkill the Sneak (Deep Elf Delver)            Turns: 96, Time: 00:00:45

Health: -1/13      AC:  3    Str:  9    XL:     1   Next: 33%
Magic:  3/3        EV: 12    Int: 14    God:
Gold:   14         SH:  0    Dex: 16    Spells: 0/0 levels left

rFire   . . .        a - +0 short sword
rCold   . . .        (no shield)
rNeg    . . .        b - +0 leather armour
rPois   .            (no helmet)
rElec   .            (no cloak)
rCorr   .            (no gloves)
SInv    .            (no boots)
Will    .....        (no amulet)
Stlth   +++          (no ring)
HPRegen 0.22/turn    (no ring)
MPRegen 0.08/turn

%: no passive effects
@: hasted, very quick
A: no striking features
a: no special abilities


You were on level 5 of the Dungeon.
You visited 1 branch of the dungeon, and saw 2 of its levels.

You collected 14 gold pieces.

Inventory:

Hand Weapons
 a - a +0 short sword (weapon)
Armour
 b - a +0 leather armour (worn)
Wands
 g - a wand of digging (1)
Scrolls
 c - 2 scrolls of fog
 d - a scroll of revelation
 e - a scroll of fear
 h - 2 scrolls of teleportation {unknown}
 k - a scroll of identify {unknown}
Potions
 f - a potion of haste
 i - a potion of ambrosia {unknown}
 j - a potion of magic {unknown}


   Skills:
 + Level 2.6 Fighting
 - Level 2.0 Short Blades
 - Level 2.4 Dodging
 - Level 6.0 Stealth


You couldn't memorise any spells.
You didn't know any spells.
Your spell library was empty.

Dungeon Overview and Level Annotations

Branches:
Dungeon (6/15)
 Temple: D:4-7

Altars:


Message History

No target in view!
No target in view!
You see here a dart slug corpse.
Found a scroll labelled LYKOBLOSYI.
h - 2 scrolls labelled ZUPO JUZEOLURCH (gained 1)
f - 2 potions of haste (gained 1)
A jackal comes into view.
A jackal comes into view.
Found 5 stones.
The jackal barks!
A jackal comes into view.
An orc comes into view. It is wielding a +0 dagger.
You see here a scroll labelled LYKOBLOSYI.
k - a scroll labelled LYKOBLOSYI The jackal attacks as it pursues you!
The jackal closely misses you.
Aiming: Dig
Press: ? - help, Shift-Dir - straight line A rock wall.
The rock shatters into small pieces.
The jackal barks! x2
The jackal bites you but does no damage.
The jackal barely misses you.
A water moccasin comes into view.
The water moccasin hisses angrily.
You hit the jackal but do no damage.
You hear an angry hiss.
The jackal barely misses you. The jackal completely misses you.
Aiming: Dig
Press: ? - help, Shift-Dir - straight line A rock wall.
The rock shatters into small pieces.
The jackal closely misses you.
You feel yourself speed up. The jackal bites you.
The jackal closely misses you.
The water moccasin attacks as it pursues you!
The water moccasin bites you.
* * * LOW HITPOINT WARNING * * *
The water moccasin attacks as it pursues you!
The water moccasin bites you.
You die...

###############
#.............#########
+....................>#
###.............####.##.#
#.........†..........##.#
#....................##.#
#.......h............##.#
##......h###@.........##.#
#.....###h#S#........###.#
.####.....# ##.##........#
#.# .h........#
##.#####.######.#
.###......# ... #........#
#.o....# .....#######..#
#......# ....... #.)#
#......# ###.... ...#
#.....## .... ##g#


You could see a water moccasin and a jackal.

Vanquished Creatures
  A dart slug (D:5)
1 creature vanquished.

Notes
Turn   | Place    | Note
-------+----------+-------------------------------------------
     0 | D:5      | GordonOverkill the Deep Elf Delver began the quest for the
                  | Orb.
     0 | D:5      | Reached XP level 1. HP: 13/13 MP: 3/3
    90 | D:5      | Noticed a water moccasin
    96 | D:5      | Slain by a water moccasin

Illustrated notes

Levels and vault maps discovered:
D:5:      layout_basic, cheibrodos_ashenzari_chains, grunt_dithmenos_shadows,
          nicolae_grassy_gnolls
D:6:      layout_cave_pods, general_overflow_altar, minmay_fountain_box,
          uniq_eustachio

Action                     || total
---------------------------++-------
  Melee: Short sword       ||     6
  Evoke: Wand              ||     2
    Use: Potion            ||     1
 Armour: Leather armour    ||     4
  Dodge: Dodged            ||     8

Table legend: (Time is in decaauts)
 A = Elapsed time spent in this place.
 B = Non-inter-level travel time spent in this place.
 C = Inter-level travel time spent in this place.
 D = Time resting spent in this place.
 E = Time spent auto-exploring this place.
 F = Levels seen in this place.
 G = Mean time per level.
                   A        B        C        D        E       F      G
               +--------+--------+--------+--------+--------+-----+--------+
         Total |     94 |     94 |      0 |      0 |      0 |   2 |   47.0 |
       Dungeon |     94 |     94 |      0 |      0 |      0 |   2 |   47.0 |
               +--------+--------+--------+--------+--------+-----+--------+

Top non-repeatable levels by time:
     D:5: 68 daAuts
     D:6: 25 daAuts
